 Dungeon Crawl Stone Soup version 0.20.1-1-g8b1a95d (webtiles) character file.

132 FeralThallid the Poker (level 5, -1/41 HPs)
             Began as a Human Berserker on July 14, 2017.
             Was a Believer of Trog.
             Slain by an orc warrior
             ... wielding a +0 long sword
              (19 damage)
             ... on level 3 of the Dungeon on July 15, 2017.
             The game lasted 00:20:46 (3607 turns).

FeralThallid the Poker (Human Berserker)            Turns: 3607, Time: 00:20:47

Health: -1/41      AC:  6    Str: 18      XL:     5   Next: 38%
Magic:  5/5        EV: 11    Int:  6 (7)  God:    Trog [**....]
Gold:   165        SH:  0    Dex: 13      Spells: 4/4 levels left

rFire    . . .     SeeInvis .   e - +2 dagger (speed)
rCold    . . .     Gourm    .   (no shield)
rNeg     . . .     Faith    .   i - +0 scale mail
rPois    .         Spirit   .   (no helmet)
rElec    .         Reflect  .   (no cloak)
rCorr    .         Harm     .   (no gloves)
MR       +....                  (no boots)
Stlth    ..........             (no amulet)
Regen    0.2/turn               k - ring of protection from magic
MPRegen  0.1/turn               (no ring)

@: no status effects
A: no striking features
a: Berserk, Trog's Hand, Burn Spellbooks, Renounce Religion


You were on level 3 of the Dungeon.
You worshipped Trog.
Trog was pleased with you.
You were not hungry.

You visited 1 branch of the dungeon, and saw 3 of its levels.

You collected 165 gold pieces.

Inventory:

Hand Weapons
 a - a +0 spear
 e - a +2 dagger of speed (weapon)
Missiles
 g - 3 tomahawks (quivered)
 h - 57 arrows
Armour
 b - a +0 animal skin
 i - a +0 scale mail (worn)
Jewellery
 j - an uncursed ring of protection from magic
 k - a ring of protection from magic (left hand)
Scrolls
 d - a scroll of magic mapping
Comestibles
 c - 2 bread rations
 f - 3 fruits


   Skills:
 + Level 3.5 Fighting
 + Level 1.1 Short Blades
 + Level 3.6 Polearms
 + Level 3.3 Armour
 + Level 3.0 Dodging
 + Level 0.2 Stealth


You had 4 spell levels left.
You didn't know any spells.

Dungeon Overview and Level Annotations

Branches:
Dungeon (3/15)

Altars:
Fedhas
Kikubaaqudgha
Makhleb


Message History

You see here a tomahawk.
The orc warrior throws a tomahawk.
The tomahawk misses you.
The orc warrior throws a tomahawk.
The tomahawk misses you.
The orc warrior drinks a potion.
The orc warrior seems to grow stronger.
You closely miss the orc warrior.
You hit the orc warrior but do no damage.
The orc warrior hits you with a long sword.
You hit the orc warrior but do no damage.
You closely miss the orc warrior. The orc warrior closely misses you.
You hit the orc warrior but do no damage.
You hit the orc warrior but do no damage.
The orc warrior barely misses you.
Your scale mail prevents you from hitting the orc warrior.
You hit the orc warrior.
The orc warrior is lightly wounded.
The orc warrior hits you with a long sword!
* * * LOW HITPOINT WARNING * * *
You feel better.
The orc warrior hits you with a long sword!!
You die...

#.# ###.### #.# #.....######
.# ##.####........... .#
#.#.#........####### #.# ####
.###..#......######.#..#.....
..#..................#.#... .
##.##...........###...... .>o
..#...######.#.#####.#.#...o.
#.#..........#<.@o...........
#...#.########...############
#####.######...(...#
#....))((.(....#
########(......# ###...###
#...# #####


You could see an orc warrior.

Vanquished Creatures
  6 gnolls (D:2)
  2 adders (D:2)
  2 dart slugs (D:1)
  5 orcs (D:3)
  3 hobgoblins
  9 jackals (D:1)
  A quokka (D:2)
  A ball python (D:1)
  5 bats
  2 frilled lizards (D:1)
  5 goblins
  5 kobolds
  4 rats
50 creatures vanquished.

Notes
Turn   | Place    | Note
-------+----------+-------------------------------------------
     0 | D:1      | FeralThallid the Human Berserker began the quest for the Orb.
     0 | D:1      | Reached XP level 1. HP: 18/18 MP: 1/1
   253 | D:1      | Reached XP level 2. HP: 23/24 MP: 2/2
   361 | D:1      | Reached XP level 3. HP: 12/29 MP: 3/3
  1062 | D:1      | Reached ** piety under Trog
  1349 | D:2      | Found an ancient bone altar of Kikubaaqudgha.
  1351 | D:2      | Found a blossoming altar of Fedhas.
  1925 | D:2      | Found a burning altar of Makhleb.
  2134 | D:2      | Reached XP level 4. HP: 28/35 MP: 4/4
  2889 | D:2      | Reached XP level 5. HP: 31/41 MP: 5/5
  3469 | D:3      | Reached skill level 1 in Short Blades
  3492 | D:3      | Noticed an orc warrior
  3607 | D:3      | Slain by an orc warrior

Skill      XL: |  1  2  3  4  5 |
---------------+----------------+-----
Armour         | 3 |  3.3
Short Blades   | 1 |  1.1
Dodging        | 3 |  3.0
Fighting       | |  3.5
Polearms       | |  3.6
Stealth        | |  0.2

Action                   |  1- 3 |  4- 6 || total
-------------------------+-------+-------++-------
Melee: Spear             |    91 |       ||    91
       Dagger            |    45 |   100 ||   145
  Use: Scroll            |     4 |     1 ||     5
       Potion            |     4 |     3 ||     7
  Eat: Bread ration      |     1 |     1 ||     2
       Fruit             |       |     1 ||     1
Armor: Ring mail         |    62 |       ||    62
       Scale mail        |    18 |    19 ||    37
Dodge: Dodged            |   108 |    31 ||   139
